 Dungeon Crawl Stone Soup version 0.20.1-1-g8b1a95d (webtiles) character file.

114 Melbolja the Skirmisher (level 4, -2/40 HPs)
             Began as a Hill Orc Fighter on Oct 1, 2017.
             Slain by a gnoll
             ... wielding a +0 halberd
              (9 damage)
             ... on level 2 of the Dungeon.
             The game lasted 00:14:57 (1802 turns).

Melbolja the Skirmisher (Hill Orc Fighter)          Turns: 1802, Time: 00:14:58

Health: -2/40      AC:  7    Str: 19    XL:     4   Next: 97%
Magic:  4/4        EV:  7    Int:  8    God:
Gold:   54         SH:  9    Dex: 10    Spells: 3/3 levels left

rFire    . . .     SeeInvis .   o - +2 dagger (speed)
rCold    + . .     Gourm    .   c - +0 shield
rNeg     . . .     Faith    .   b - +1 scale mail
rPois    .         Spirit   .   (no helmet)
rElec    .         Reflect  .   (no cloak)
rCorr    .         Harm     .   (no gloves)
MR       .....                  (no boots)
Stlth    ..........             (no amulet)
Regen    0.2/turn               e - ring of protection from cold
MPRegen  0.1/turn               (no ring)

@: no status effects
A: no striking features
a: no special abilities


You were on level 2 of the Dungeon.
You were not hungry.

You visited 1 branch of the dungeon, and saw 3 of its levels.

You collected 54 gold pieces.

Inventory:

Hand Weapons
 a - a +0 war axe
 o - a +2 dagger of speed (weapon)
Missiles
 g - 27 bolts
 h - 43 arrows
 l - 53 stones (quivered)
 m - 28 poisoned needles
 t - 16 sling bullets
Armour
 b - a +1 scale mail (worn)
 c - a +0 shield (worn)
Jewellery
 e - a ring of protection from cold (left hand)
Scrolls
 k - a scroll of amnesia
 n - a scroll of blinking
 q - a scroll of remove curse
 r - 2 scrolls of identify
 s - a scroll of teleportation
Potions
 d - a potion of might
 j - 2 potions of mutation {unknown}
 p - a potion of brilliance {unknown}
Comestibles
 f - a bread ration
 i - a chunk of flesh


   Skills:
 + Level 4.2 Fighting
 * Level 2.6 Short Blades
 - Level 2.6 Axes
 + Level 3.6 Armour
 + Level 1.2 Dodging
 - Level 0.1 Stealth
 + Level 3.8 Shields


You had 3 spell levels left.
You didn't know any spells.

Dungeon Overview and Level Annotations

Branches:
Dungeon (3/15)

Altars:
Okawaru
Yredelemnul


Message History

You closely miss the gnoll.
The gnoll is lightly wounded.
You block the gnoll's attack.
You hit the gnoll.
The gnoll is heavily wounded.
You hit the gnoll but do no damage.
The gnoll is heavily wounded.
The gnoll hits you with a halberd.
* * * LOW HITPOINT WARNING * * *
You hit the gnoll but do no damage.
The gnoll is heavily wounded.
You completely miss the gnoll.
The gnoll is heavily wounded.
The gnoll barely misses you.
You hit the gnoll but do no damage.
The gnoll is heavily wounded.
You hit the gnoll but do no damage.
The gnoll is heavily wounded.
The gnoll hits you with a halberd!
You die...

#.......# #.##.........####.#
#.......# #.#...............#
#.......#####.........#########
###..<....รท...#.......#
#.....#########...### ####..#
#...# #..# ##)## #..# ######.#
#..# #g@)...# #..# #.######
#..# #.# #..#####.# ####.....#
## ############## #. #.^_^.# #.
##...## #. #^^...# #.


You could see a gnoll.

Vanquished Creatures
  3 gnolls (D:2)
  2 adders (D:2)
  4 dart slugs
  3 leopard geckos
  4 giant cockroaches
  5 goblins
  4 hobgoblins
  5 jackals (D:1)
  A quokka (D:2)
  9 bats
  2 frilled lizards
  8 kobolds
  8 rats
  A spectral orc (D:2)
59 creatures vanquished.

Notes
Turn   | Place    | Note
-------+----------+-------------------------------------------
     0 | D:1      | Melbolja the Hill Orc Fighter began the quest for the Orb.
     0 | D:1      | Reached XP level 1. HP: 19/19 MP: 1/1
   100 | D:1      | Reached XP level 2. HP: 24/27 MP: 2/2
   174 | D:1      | Reached skill level 4 in Fighting
   450 | D:1      | Reached XP level 3. HP: 32/33 MP: 3/3
  1104 | D:2      | Found an iron altar of Okawaru.
  1143 | D:2      | Reached skill level 1 in Short Blades
  1329 | D:2      | Reached skill level 1 in Dodging
  1329 | D:2      | Reached XP level 4. HP: 37/40 MP: 4/4
  1600 | D:2      | Found a basalt altar of Yredelemnul.
  1802 | D:2      | Slain by a gnoll

Skill      XL: |  1  2  3  4 |
---------------+-------------+-----
Fighting       | 4 |  4.2
Short Blades   | 1 2 |  2.6
Dodging        | 1 |  1.2
Axes           | |  2.6
Armour         | |  3.6
Stealth        | |  0.1
Shields        | |  3.8

Action                   |  1- 3 |  4- 6 || total
-------------------------+-------+-------++-------
Melee: War axe           |    55 |       ||    55
       Dagger            |    87 |   103 ||   190
  Use: Scroll            |     6 |       ||     6
  Eat: Chunk             |     1 |     2 ||     3
Armor: Scale mail        |    36 |    25 ||    61
Dodge: Dodged            |    26 |    32 ||    58
Block: Shield            |    64 |    40 ||   104
